 Dungeon Crawl Stone Soup version 0.28.0-53-g5a82cb258f (webtiles) character file.

Game seed: 17238351855450897270

185 protoss039 the Digger (level 5, 40/40 HPs)
             Began as a Demonspawn Earth Elementalist on June 15, 2022.
             Got out of the dungeon alive.
             The game lasted 00:04:12 (3521 turns).

protoss039 the Digger (DsEE)                        Turns: 3521, Time: 00:04:13

Health: 40/40      AC:  2    Str:  9    XL:     5   Next: 37%
Magic:  8/8        EV: 12    Int: 18    God:
Gold:   43         SH:  0    Dex: 13    Spells: 3/9 levels left

rFire   . . .      SeeInvis .   g - +2 dagger (drain)
rCold   . . .      Faith    .   (no shield)
rNeg    . . .      Spirit   .   b - +0 robe
rPois   .          Reflect  .   (no helmet)
rElec   .          Harm     .   (no cloak)
rCorr   .          Rampage  .   (no gloves)
Will    .....                   (no boots)
Stlth   ++........              (no amulet)
HPRegen 0.13/turn               (no ring)
MPRegen 0.11/turn               (no ring)

@: no status effects
A: foul stench 1, spiny 1, demonic touch 2
a: no special abilities


You escaped.
You visited 1 branch of the dungeon, and saw 3 of its levels.

You collected 43 gold pieces.

Inventory:

Hand Weapons
 g - a +2 dagger of draining (weapon)
Missiles
 c - 55 stones
Armour
 b - a +0 robe (worn)
Jewellery
 d - a ring of fire
Scrolls
 a - a scroll of identify {unknown}
 f - a scroll of teleportation {unknown}
 k - a scroll of fog {unknown}
 m - 2 scrolls of fear {unknown}
Potions
 e - a potion of curing {unknown}
 h - 3 potions of magic {unknown}
 i - a potion of ambrosia {unknown}
 j - a potion of heal wounds {unknown}
 l - a potion of brilliance {unknown}
 n - a potion of attraction {unknown}


   Skills:
 * Level 2.9 Fighting
 + Level 1.5 Armour
 - Level 1.7 Dodging
 - Level 1.7 Stealth
 + Level 2.6 Spellcasting
 * Level 1.8 Conjurations
 - Level 1.0 Transmutations
 + Level 3.3 Earth Magic


You had 3 spell levels left.
You knew the following spells:

 Your Spells              Type           Power      Damage    Failure   Level
a - Sandblast             Erth           28%        2d8       4%          1
b - Passwall              Tmut/Erth      8%         N/A       11%         2
c - Stone Arrow           Conj/Erth      22%        3d8       17%         3

Your spell library contained the following spells:

 Spells                   Type           Power      Damage    Failure   Level
 Petrify                  Tmut/Erth      10%        N/A       56%         4


Dungeon Overview and Level Annotations

Branches:
Dungeon (3/15)

Altars:
Kikubaaqudgha


Innate Abilities, Weirdness & Mutations

You may rarely emit foul miasma when damaged in melee.
You are partially covered in sharp spines.
Your touch may inflict irresistible damage on your foes.


Message History

Okay, then.
Unknown command.
Unknown command.
Casting: Sandblast (safe; 4% risk of failure)
Confirm with . or Enter, or press ? or * to list all spells.
Aiming: Sandblast (safe; 4% risk of failure)
Press: ? - help, Shift-Dir - straight line, f - Jessica
Aim: Jessica, wielding a +0 club and wearing a +2 robe of willpower (asleep, 100% to hit)
The blast of sand hits Jessica.
Jessica is moderately wounded.
Jessica shouts!
Casting: Sandblast (safe; 4% risk of failure)
Confirm with . or Enter, or press ? or * to list all spells.
Aiming: Sandblast (safe; 4% risk of failure)
Press: ? - help, Shift-Dir - straight line, f/p - Jessica
Aim: Jessica, wielding a +0 club and wearing a +2 robe of willpower (moderately wounded, 79% to hit)
The blast of sand misses Jessica.
Unknown command.
You hit Jessica but do no damage.
Jessica is moderately wounded.
Jessica hits you with a +0 club.
Unknown command.
You closely miss Jessica.
You touch Jessica!
You kill Jessica!
Unknown command.
No target in view!
Unknown command.
No target in view!
Unknown command.
Things that are here:
a +0 leather armour; a +0 trident
There is a stone staircase leading up here.
You climb upwards.
There is a stone staircase leading down here.
There is a stone staircase leading up here.
You climb upwards.
There is a stone staircase leading down here.
There is a staircase leading out of the dungeon here.
Are you sure you want to leave the Dungeon?
This will make you lose the game!
You have escaped!

................###.≈≈≈≈#
#####................≈≈≈#
#................≈≈≈#
###....8........≈.≈≈#
#.............≈≈≈≈#
##......8....≈≈.≈≈#
#...........≈≈.≈≈#
#....8..8..≈.≈≈≈≈#
##.......@≈.≈≈≈≈≈#
#........≈≈≈≈≈≈≈#
##......≈≈≈≈≈≈≈≈≈#
#......≈≈..≈≈≈≈≈≈
#≈≈≈≈≈≈≈≈≈≈≈≈≈≈≈≈
#≈≈≈≈≈≈≈≈≈≈≈≈≈≈≈≈
#≈≈≈≈≈≈≈≈≈≈≈≈≈≈≈≈
#≈≈≈≈≈≈≈≈≈≈≈≈≈≈≈≈
#############


There were no monsters in sight!

Vanquished Creatures
  An orc priest (D:2)
  Jessica (D:3)
  4 adders
  A worm (D:2)
  7 orcs (D:3)
  7 endoplasms
  2 giant cockroaches
  10 goblins
  A hobgoblin (D:1)
  4 jackals (D:2)
  A quokka (D:1)
  8 ball pythons
  11 bats
  8 frilled lizards (D:1)
  11 kobolds
  6 rats
83 creatures vanquished.

Vanquished Creatures (others)
  2 plants (D:3)
2 creatures vanquished.

Grand Total: 85 creatures vanquished

Notes
Turn   | Place    | Note
-------+----------+-------------------------------------------
     0 | D:1      | protoss039 the Demonspawn Earth Elementalist began the
                  | quest for the Orb.
     0 | D:1      | Reached XP level 1. HP: 13/13 MP: 3/3
    35 | D:1      | Reached skill level 1 in Transmutations
   445 | D:1      | Gained mutation: Your touch may inflict minor irresistible
                  | damage on your foes. [demonic ancestry]
   445 | D:1      | Reached XP level 2. HP: 9/20 MP: 3/5
   650 | D:1      | Reached skill level 1 in Fighting
  1033 | D:1      | Reached skill level 3 in Earth Magic
  1035 | D:1      | Gained mutation: You are partially covered in sharp spines.
                  | [demonic ancestry]
  1035 | D:1      | Reached XP level 3. HP: 19/26 MP: 3/6
  1586 | D:1      | Reached skill level 1 in Armour
  1879 | D:1      | Learned a level 2 spell: Passwall
  1883 | D:1      | Learned a level 3 spell: Stone Arrow
  2352 | D:2      | Gained mutation: Your touch may inflict irresistible damage
                  | on your foes. [demonic ancestry]
  2352 | D:2      | Reached XP level 4. HP: 33/33 MP: 7/7
  2726 | D:3      | Reached skill level 1 in Conjurations
  3033 | D:3      | Gained mutation: You may rarely emit foul miasma when
                  | damaged in melee. [demonic ancestry]
  3033 | D:3      | Reached XP level 5. HP: 24/39 MP: 0/8
  3171 | D:3      | Found a faded altar of an unknown god.
  3351 | D:3      | Found an ancient bone altar of Kikubaaqudgha.
  3442 | D:3      | Identified the +4 chain mail of Hangman {Harm Rampage
                  | Will-}
  3457 | D:3      | Noticed Jessica
  3462 | D:3      | Killed Jessica
  3521 | D:$      | Got out of the dungeon alive.

Illustrated notes

Levels and vault maps discovered:
D:1:      nicolae_arrival_washed_ashore, layout_rooms, minmay_lizard_pond
D:2:      layout_loops_ring
D:3:      cheibrodos_old_hovel, layout_rooms, overflow_temple_1_default,
          nicolae_ecumenical_lake_church, grunt_ministairs_2, uniq_jessica

Skill      XL: |  1  2  3  4 |
---------------+-------------+-----
Transmutations | 1 |  1.0
Fighting       | 1 2 |  2.9
Earth Magic    | 3 |  3.3
Armour         | 1 |  1.5
Conjurations   | 1 |  1.8
Dodging        | |  1.7
Stealth        | |  1.7
Spellcasting   | |  2.6

Action                   |  1- 3 |  4- 6 || total
-------------------------+-------+-------++-------
Melee: Short sword       |    14 |       ||    14
       Club              |    69 |       ||    69
       Touch             |    11 |     5 ||    16
       Spear             |     4 |    24 ||    28
       Dagger            |       |     9 ||     9
 Cast: Sandblast         |    36 |    23 ||    59
 Stab: Sleeping          |     4 |     2 ||     6
Armor: Robe              |    21 |     3 ||    24
Dodge: Dodged            |    62 |    26 ||    88
